 Dungeon Crawl Stone Soup version 0.31.0-11-ge490571c62 (webtiles) character file.

Game seed: 9434250594934129407

20 qw the Shooter (level 2, 0/16 HPs)
             Began as a Deep Elf Hunter on Feb 3, 2024.
             Slain by a kobold
             ... wielding a +0 club
              (3 damage)
             ... on level 1 of the Dungeon.
             The game lasted 00:00:06 (212 turns).

qw the Shooter (Deep Elf Hunter)                     Turns: 212, Time: 00:00:07

Health: 0/16       AC:  3    Str:  8    XL:     2   Next: 58%
Magic:  4/4        EV: 12    Int: 13    God:
Gold:   42         SH:  0    Dex: 18    Spells: 1/1 levels left

rFire   . . .        a - +0 shortbow
rCold   . . .        (shield currently unavailable)
rNeg    . . .        c - +0 leather armour
rPois   .            (no helmet)
rElec   .            (no cloak)
rCorr   .            (no gloves)
SInv    .            (no boots)
Will    .....        (no amulet)
Stlth   ++           (no ring)
HPRegen 0.22/turn    (no ring)
MPRegen 0.09/turn

%: no passive effects
@: no status effects
A: no striking features
a: no special abilities


You were on level 1 of the Dungeon.
You visited 1 branch of the dungeon, and saw 1 of its levels.

You collected 42 gold pieces.


   Skills:
 - Level 1.5 Fighting
 + Level 6.3 Ranged Weapons
 - Level 2.4 Dodging
 - Level 1.2 Stealth


You had one spell level left.
You didn't know any spells.
Your spell library was empty.

Inventory:

Hand Weapons
 a - a +0 shortbow (weapon)
Armour
 c - a +0 leather armour (worn)
 f - a +2 cloak
Scrolls
 b - a scroll of butterflies
 d - a scroll of teleportation {unknown}
 e - a scroll of identify {unknown}

Dungeon Overview and Level Annotations

Branches:
Dungeon (1/15)

Altars:


Message History

You shoot an arrow. The arrow barely misses the kobold.
An endoplasm comes into view.
You shoot an arrow. The arrow barely misses the endoplasm.
The endoplasm freezes you.
You are frozen.
You shoot an arrow. The arrow hits the endoplasm.
The endoplasm is lightly wounded.
The bat hits you but does no damage. The endoplasm freezes you.
You are frozen.
You shoot an arrow. The arrow hits the endoplasm!
You kill the endoplasm!
The bat hits you but does no damage.
You shoot an arrow. The arrow closely misses the bat.
The arrow barely misses the kobold.
The bat hits you but does no damage. x2
You shoot an arrow. The arrow misses the bat.
The bat barely misses you. The kobold hits you with a +0 club.
You shoot an arrow. The arrow closely misses the bat.
The bat misses you. The kobold hits you with a +0 club.
The bat closely misses you. The kobold hits you but does no damage.
You shoot an arrow. The arrow closely misses the bat.
The bat barely misses you. The kobold barely misses you.
You shoot an arrow. The arrow barely misses the bat.
The bat misses you. The bat hits you but does no damage.
The kobold closely misses you.
You shoot an arrow. The arrow misses the bat.
The bat barely misses you. The kobold hits you with a +0 club.
The bat closely misses you.
You shoot an arrow. The arrow barely misses the bat.
The bat closely misses you. The kobold hits you with a +0 club.
You shoot an arrow. The arrow misses the bat.
The bat misses you. The kobold hits you with a +0 club.
You shoot an arrow. The arrow hits the kobold.
The kobold is severely wounded.
The bat hits you but does no damage. The kobold hits you but does no damage.
You shoot an arrow. The arrow misses the kobold.
The bat barely misses you. The kobold misses you. The bat closely misses you.
The kobold hits you with a +0 club.
You die...

### ..# #.# ##########
#.# #......... #.#
#......... #.#
#.........
#.#######.........
####.#@#...............
......Kb'...............
####.##.#...............
.. ...+...........%...
###.##.#.........######
.. #.#...#..#### #.
...)#.....# #
..........# ....#.....#


You could see a bat and a kobold.

Vanquished Creatures
  3 endoplasms (D:1)
  A giant cockroach (D:1)
  3 goblins (D:1)
  3 hobgoblins (D:1)
  2 quokkas (D:1)
  A ball python (D:1)
  A frilled lizard (D:1)
  3 rats (D:1)
17 creatures vanquished.

Notes
Turn   | Place    | Note
-------+----------+-------------------------------------------
     0 | D:1      | qw the Deep Elf Hunter began the quest for the Orb.
     0 | D:1      | Reached XP level 1. HP: 12/12 MP: 3/3
     0 | D:1      | 0 ||| qw: Version: 0.3-a-155-g5e7d8dd
     0 | D:1      | 0 ||| qw: Game counter: 3389
     0 | D:1      | 0 ||| qw: Melee chars always use a shield: true
     0 | D:1      | 0 ||| qw: God list: Okawaru
     0 | D:1      | 0 ||| qw: Allow faded altars: false
     0 | D:1      | 0 ||| qw: Do Orc after clearing Dungeon:15 true
     0 | D:1      | 0 ||| qw: Do second Lair branch before Depths: true
     0 | D:1      | 0 ||| qw: Lair rune preference: random
     0 | D:1      | 0 ||| qw: Goals: Normal
     0 | D:1      | 0 ||| PLANNING D:1-11
    95 | D:1      | Reached skill level 6 in Ranged Weapons
    95 | D:1      | Reached XP level 2. HP: 16/16 MP: 4/4
   205 | D:1      | HP: 4/16 [kobold/+0 club (3)]
   210 | D:1      | HP: 2/16 [kobold/+0 club (1)]
   212 | D:1      | Slain by a kobold

Levels and vault maps discovered:
D:1:      wander_arrival_fairy_ring, layout_basic, minmay_misc_feat_cross

Skill      XL: |  1 |
---------------+----+-----
Ranged Weapons | 6 |  6.3
Fighting       | |  1.5
Dodging        | |  2.4
Stealth        | |  1.2

Action                     || total
---------------------------++-------
   Fire: Shortbow          ||    62
 Armour: Leather armour    ||    19
  Dodge: Dodged            ||    20

Table legend:
 A = Non-vault XP
 B = Vault XP
 C = Vault XP percentage of total XP
 D = Non-vault monster count
 E = Vault monster count
 F = Vault count percentage of total count
                 A         B        C        D         E       F
            +---------+---------+-------+---------+---------+-------
      Total |      29 |       0 |   0.0 |      17 |       0 |   0.0
            +---------+---------+-------+---------+---------+-------
        D:1 |      29 |       0 |   0.0 |      17 |       0 |   0.0
            +---------+---------+-------+---------+---------+-------
